 Dungeon Sprint DCSS version 0.27-a0-366-g8badd94918 (webtiles) character file.

Game seed: 11059184469966672991

420289 mhtbhm the Minotaur Barricade (level 21, 0/224 HPs)
             Began as a Minotaur Fighter on Feb 17, 2021.
             Was the Champion of Okawaru.
             Splashed by an acid blob's acid (11 damage)
             ... in the Dungeon (Sprint IX: "|||||||||||||||||||||||||||||").
             The game lasted 00:28:16 (12594 turns).

mhtbhm the Minotaur Barricade (Minotaur Fighter)   Turns: 12594, Time: 00:28:17

Health: 0/224      AC: 23    Str: 40    XL:     21   Next: 6%
Magic:  37/37      EV: 19    Int:  3    God:    Okawaru [******]
Gold:   119        SH: 31    Dex: 11    Spells: 21/21 levels left

rFire    + + +     SeeInvis +   w - +9 double sword (holy)
rCold    + + +     Faith    .   c - +1 tower shield {rC+}
rNeg     . . .     Spirit   .   b - +10 gold dragon scales
rPois    +         Reflect  .   x - +0 hat {Will+}
rElec    .         Harm     .   o - +2 cloak {Stlth+}
rCorr    .         Rampage  .   l - +1 pair of gloves "Bura" {+Fly rC+}
Will     ++++.     NoTele   +   u - +1 pair of boots
Stlth    ++++......             O - amulet of Nomir {rPois Will+ Regen+ SInv Stlth+}
HPRegen  1.47/turn              K - ring "Linloe" {Str+6 Stlth+}
MPRegen  0.25/turn              M - ring "Uram" {rF++ Will+ Str+4}

@: corroded, berserk cooldown, slowed, very slow
A: retaliatory headbutt, horns 2, blink, dopey 1, mutation resistance 1
}: 6/17 runes: decaying, serpentine, barnacled, elven, silver, gossamer
a: Blink, Renounce Religion, Evoke Flight, Heroism, Finesse


You were in the Dungeon.
You worshipped Okawaru.
Okawaru was exalted by your worship.
You visited 1 branch You collected 2015 gold pieces.
You spent 1896 gold pieces at shops.

Inventory:

Hand Weapons
 w - a +9 double sword of holy wrath (weapon)
 B - the +12 Vampire's Tooth {vamp}
   (You bought it in a shop in the Dungeon)

   It inflicts no extra harm, but heals its wielder when it wounds a living foe.
 J - the +11 hunting sling "Codghem" {venom, Str+3}
   (You found it in the Dungeon)

   It poisons the ammo it fires.
   It affects your strength (+3).
Missiles
 s - 8 atropa-tipped darts (quivered)
 v - 4 throwing nets
Armour
 b - +10 gold dragon scales (worn)
 c - a +1 tower shield of cold resistance (worn)
 l - the +1 pair of gloves "Bura" (worn) {+Fly rC+}
   (Okawaru gifted it to you in the Dungeon)

   It protects you from cold.
   It lets you fly.
 o - a +2 cloak of stealth (worn)
 u - a +1 pair of boots (worn)
 x - a +0 hat of willpower (worn)
Jewellery
 K - the ring "Linloe" (left hand) {Str+6 Stlth+}
   (You found it in the Dungeon)

   [ring of strength]

   It affects your strength (+6).
   It makes you more stealthy.
 M - the ring "Uram" (right hand) {rF++ Will+ Str+4}
   (You found it in the Dungeon)

   [ring of willpower]

   It affects your strength (+4).
   It greatly protects you from fire.
   It affects your willpower, your defense against some magical effects.
 O - the amulet of Nomir (around neck) {rPois Will+ Regen+ SInv Stlth+}
   (You found it in the Dungeon)

   [amulet of regeneration]

   It protects you from poison.
   It affects your willpower, your defense against some magical effects.
   It lets you see invisible.
   It increases your rate of regeneration.
   It makes you more stealthy.
Wands
 t - a wand of iceblast (8)
Scrolls
 a - a scroll of summoning
 j - 2 scrolls of blinking
 k - 2 scrolls of amnesia
 q - 9 scrolls of enchant weapon
 y - 5 scrolls of fog
 C - 4 scrolls of fear
Potions
 d - 3 potions of might
 e - 10 potions of curing
 f - 3 potions of heal wounds
 g - 9 potions of haste
 h - 10 potions of magic
 i - a potion of invisibility
 p - 3 potions of brilliance
 D - 2 potions of attraction
 H - 2 potions of berserk rage
 I - a potion of degeneration {unknown}
 P - 2 potions of resistance
Miscellaneous
 m - a tin of tremorstones (inert)


   Skills:
 O Level 27 Fighting
 + Level 25.4(27) Short Blades
 O Level 27 Long Blades
 - Level 8.1(10.9) Axes
 - Level 8.3(10.9) Maces & Flails
 - Level 8.3(10.9) Polearms
 - Level 8.1(10.9) Staves
 - Level 1.5(2.7) Slings
 - Level 1.6 Bows
 - Level 1.6 Crossbows
 - Level 3.2(3.4) Throwing
 O Level 27 Armour
 + Level 25.5 Dodging
 + Level 24.7 Stealth
 O Level 27 Shields
 - Level 1.5 Unarmed Combat
 - Level 0.9 Spellcasting
 - Level 1.0 Conjurations
 - Level 0.8 Hexes
 - Level 1.0 Summonings
 - Level 1.0 Necromancy
 - Level 1.1 Translocations
 - Level 1.1 Transmutations
 - Level 1.0 Fire Magic
 - Level 1.0 Ice Magic
 - Level 1.1 Air Magic
 - Level 1.2 Earth Magic
 - Level 1.0 Poison Magic
 O Level 27 Invocations
 O Level 27 Evocations


You had 21 spell levels left.
You didn't know any spells.
Your spell library contained the following spells:

 Spells                   Type           Power        Failure   Level
 Magic Dart               Conj           0%           78%         1
 Sting                    Tmut/Pois      0%           78%         1
 Blink                    Tloc           N/A          88%         2
 Call Imp                 Summ           0%           90%         2
 Slow                     Hex            0%           91%         2
 Conjure Flame            Conj/Fire      0%           98%         3
 Ignite Poison            Fire/Tmut/Pois 0%           98%         3
 Mephitic Cloud           Conj/Pois/Air  0%           98%         3
 Spider Form              Tmut/Pois      0%           98%         3
 Olgreb's Toxic Radiance  Pois           0%           100%        4
 Petrify                  Tmut/Erth      0%           100%        4
 Alistair's Intoxication  Tmut/Pois      0%           100%        5


Dungeon Overview and Level Annotations

Branches:
Dungeon (1/1)

Altars:
Cheibriados
Dithmenos
Elyvilon
Fedhas
Gozag
Hepliaklqana
Kikubaaqudgha
Makhleb
Nemelex Xobeh
Okawaru
Qazlal
Ru
Sif Muna
Trog
Uskayaw
Vehumet
Wu Jian
Xom
Yredelemnul
Zin
The Shining One
Beogh
Jiyva
Lugonu

Shops:
D (***

Annotations:
D Royal Jelly


Innate Abilities, Weirdness & Mutations

You reflexively headbutt those who attack you in melee.
You have a pair of horns on your head.
You can translocate small distances at will.
You are dopey. (Int -2)
You are somewhat resistant to further mutation.


Message History

You block the Royal Jelly's attack. The Royal Jelly closely misses you.
You block the Royal Jelly's attack. The Royal Jelly barely misses you.
Unknown command.
You slice the Royal Jelly!!
Your hands burn!
You headbutt the Royal Jelly!!
The Royal Jelly is severely wounded.
The Royal Jelly shudders.
The Royal Jelly spits out another jelly.
The Royal Jelly hits you!! The acid corrodes you!
You are splashed with acid!
* * * LOW HITPOINT WARNING * * *
You block the Royal Jelly's attack.
You slice the Royal Jelly!!
Your hands burn!
* * * LOW HITPOINT WARNING * * *
You headbutt the Royal Jelly, but do no damage.
The Royal Jelly is almost dead.
You block the Royal Jelly's attack.
The Royal Jelly hits you but does no damage.
The acid blob closely misses you. You block the Royal Jelly's attack.
The Royal Jelly barely misses you.
Unknown command.
Unknown command.
You hit the Royal Jelly but do no damage.
Your hands burn!
* * * LOW HITPOINT WARNING * * *
You headbutt the Royal Jelly, but do no damage.
The Royal Jelly is almost dead.
You block the acid blob's attack. The acid blob misses you.
You hit the acid blob but do no damage.
Your hands burn!
* * * LOW HITPOINT WARNING * * *
You block the acid blob's attack. The acid blob hits you!!
* * * LOW HITPOINT WARNING * * *
You are splashed with acid!
* * * LOW HITPOINT WARNING * * *
Unknown command.
You hit the acid blob but do no damage.
Your hands burn!
* * * LOW HITPOINT WARNING * * *
You headbutt the acid blob, but do no damage.
The acid blob spits acid at you.
The splash of acid hits you but does no damage.
You are splashed with acid!
You die...

▓...)(.)).....[[.[.))...
▓▓▓▓▓▓▓▓▓▓▓▓▓▓▓▓▓▓▓▓▓▓▓▓
▓.......................
▓.▓▓▓▓▓▓▓▓▓▓▓▓▓▓▓▓▓▓▓▓▓▓
▓........['..........†.)
▓▓▓▓▓▓▓▓▓▓▓▓▓▓▓▓▓▓▓▓▓▓▓▓
▓.......................
▓.▓▓▓▓▓▓▓▓▓▓▓▓▓▓♣♣♣♣♣♣♣♣
▓..JJJJ@JJ......[)).....
▓▓▓▓▓▓▓▓▓▓▓▓▓▓▓▓♣♣♣♣♣♣♣♣
*,,,,,,,,,,,,,,,,,,,,,,,
*,**********************
*,,,,,+,,,,,,,,,,,,+,,,,
************************
*,,,,,,,,,,,,,,,,,,,,,,,
*,**********************
*,,,,,,,,,,,,,,,,,,,,,,,


You could see the Royal Jelly, 3 acid blobs, an azure jelly and a death ooze.

Vanquished Creatures
  Mara (D)
  7 ancient liches (D)
  Mennas (D)
  4 orbs of fire (D)
  Sojobo (D)
  Boris (D)
  Frederick (D)
  Margery (D)
  5 golden dragons (D)
  A curse toe (D)
  Jory (D)
  A bone dragon (D)
  2 electric golems (D)
  4 tentacled monstrosities (D)
  26 Orb Guardians (D)
  2 titans (D)
  3 deep elf master archers (D)
  2 liches (D)
  2 quicksilver dragons (D)
  12 acid blobs (D)
  A deep elf blademaster (D)
  A death cob (D)
  2 sphinxes (D)
  Frances (D)
  5 storm dragons (D)
  Agnes (D)
  6 shadow dragons (D)
  Ilsuiw (D)
  7 azure jellies (D)
  4 nagarajas (D)
  3 draconian monks (D)
  2 fire giants (D)
  2 tengu reavers (D)
  A draconian scorcher (D)
  A deep elf sorcerer (D)
  A frost giant (D)
  5 ghost moths (D)
  Aizul (D)
  A draconian knight (D)
  6 emperor scorpions (D)
  A draconian shifter (D)
  3 vault wardens (D)
  2 ironheart preservers (D)
  An orc warlord (D)
  3 draconian stormcallers (D)
  3 draconian annihilators (D)
  A spriggan defender (D)
  A very ugly thing (D)
  8 vampire knights (D)
  A green draconian (D)
  8 stone giants (D)
  2 deep elf demonologists (D)
  Nessos (D)
  A black draconian (D)
  Azrael (D)
  4 yellow draconians (D)
  3 white draconians (D)
  A dire elephant (D)
  3 red draconians (D)
  2 purple draconians (D)
  3 deep elf annihilators (D)
  2 merfolk javelineers (D)
  2 eleionomae (D)
  6 death oozes (D)
  3 merfolk impalers (D)
  3 ettins (D)
  5 fire dragons (D)
  2 deep elf death magi (D)
  2 deep elf high priests (D)
  Harold (D)
  25 vault guards (D)
  3 yaktaur captains (D)
  4 great orbs of eyes (D)
  2 rakshasas (D)
  3 naga warriors (D)
  3 ice dragons (D)
  7 ogre magi (D)
  2 centaur warriors (D)
  3 boulder beetles (D)
  10 hydras (D)
  5 merfolk aquamancers (D)
  A merfolk avatar (D)
  A two-headed ogre (D)
  An alligator (D)
  A deep troll shaman (D)
  A tengu warrior (D)
  An orc high priest (D)
  A shock serpent (D)
  2 spriggan berserkers (D)
  4 hell knights (D)
  12 spriggans (D)
  3 sea snakes (D)
  A naga ritualist (D)
  2 flayed ghosts (D)
  A deep troll (D)
  4 swamp dragons (D)
  A deep elf archer (D)
  An orc knight (D)
  A harpy (D)
  An orc sorcerer (D)
  2 wolf spiders (D)
  6 ironbrand convokers (D)
  An ugly thing (D)
  2 will-o-the-wisps (D)
  A cyclops (D)
  A manticore (D)
  7 elephants (D)
  8 moths of wrath (D)
  A salamander (shapeshifter) (D)
  5 guardian serpents (D)
  Joseph (D)
  A merfolk siren (D)
  2 vault sentinels (D)
  3 black mambas (D)
  A torpor snail (D)
  A cane toad (D)
  2 naga magi (D)
  An efreet (D)
  3 yaktaurs (D)
  4 freezing wraiths (D)
  3 demonic crawlers (D)
  2 komodo dragons (D)
  5 trolls (D)
  2 merfolk (D)
  A meliai (shapeshifter) (D)
  A wind drake (D)
  2 hornets (D)
  A tyrant leech (D)
  A blink frog (D)
  3 slime creatures (D)
  A shadow (D)
  A wyvern (D)
  4 redbacks (D)
  A tarantella (D)
  2 fire elementals (D)
  2 wraiths (D)
  2 basilisks (D)
  Grum (D)
  A yak (D)
  A basilisk (shapeshifter) (D)
  3 nagas (D)
  An acid dragon (D)
  4 water moccasins (D)
  4 hell hounds (D)
  A swamp drake (D)
  11 orc warriors (D)
  3 eyes of draining (D)
  An ogre (D)
  3 wolves (D)
  3 centaurs (D)
  A phantom (D)
  5 bullfrogs (D)
  A quasit (D)
  2 orc priests (D)
  7 orc wizards (D)
  An ufetubus (D)
  9 orcs (D)
  A goblin (D)
  A hobgoblin (D)
  A ball python skeleton (D)
  A bat (D)
  A kobold (D)
  A quokka zombie (D)
  A rat (D)
473 creatures vanquished.

Vanquished Creatures (others)
  A merfolk aquamancer (D)
  An alligator (D)
  An unseen horror (D)
  An orc (D)
  8 foxfires (D)
12 creatures vanquished.

Grand Total: 485 creatures vanquished

Notes
Turn   | Place    | Note
-------+----------+-------------------------------------------
     0 | D        | mhtbhm the Minotaur Fighter began the quest for the Orb.
     0 | D        | Reached XP level 1. HP: 19/19 MP: 0/0
    14 | D        | Banished a spatial maelstrom
    61 | D        | Noticed a phantom
    61 | D        | Noticed a centaur
    74 | D        | Killed a phantom
    75 | D        | Reached skill level 5 in Long Blades
    75 | D        | Reached skill level 5 in Shields
    75 | D        | Reached XP level 2. HP: 8/30 MP: 1/1
    75 | D        | Reached XP level 3. HP: 9/37 MP: 2/2
    75 | D        | Reached XP level 4. HP: 11/44 MP: 3/3
    77 | D        | Killed a centaur
    78 | D        | Reached XP level 5. HP: 10/52 MP: 4/4
    92 | D        | Found a roughly hewn altar of Beogh.
    92 | D        | Found a snail-covered altar of Cheibriados.
    92 | D        | Found a shadowy altar of Dithmenos.
    92 | D        | Found a white marble altar of Elyvilon.
    92 | D        | Found a blossoming altar of Fedhas.
    92 | D        | Found an opulent altar of Gozag.
    93 | D        | Found a hazy altar of Hepliaklqana.
    94 | D        | Found a viscous altar of Jiyva.
    95 | D        | Found an ancient bone altar of Kikubaaqudgha.
    96 | D        | Found a corrupted altar of Lugonu.
    97 | D        | Found a burning altar of Makhleb.
    98 | D        | Found a sparkling altar of Nemelex Xobeh.
    99 | D        | Found an iron altar of Okawaru.
   100 | D        | Found a stormy altar of Qazlal.
   101 | D        | Found a sacrificial altar of Ru.
   102 | D        | Found a shimmering blue altar of Sif Muna.
   103 | D        | Found a bloodstained altar of Trog.
   104 | D        | Found a hide-covered altar of Uskayaw.
   105 | D        | Found a radiant altar of Vehumet.
   106 | D        | Found an ornate altar of the Wu Jian Council.
   107 | D        | Became a worshipper of Warmaster Okawaru
   108 | D        | Found a shimmering altar of Xom.
   109 | D        | Found a basalt altar of Yredelemnul.
   110 | D        | Found a glowing silver altar of Zin.
   111 | D        | Found a glowing golden altar of the Shining One.
   366 | D        | Noticed an orc warrior
   366 | D        | Noticed a centaur
   366 | D        | Noticed a two-headed ogre
   366 | D        | Noticed an ogre
   378 | D        | Killed a two-headed ogre
   378 | D        | Reached * piety under Okawaru
   379 | D        | Reached skill level 10 in Long Blades
   379 | D        | Reached skill level 1 in Dodging
   379 | D        | Reached XP level 6. HP: 48/66 MP: 5/5
   379 | D        | Reached XP level 7. HP: 52/71 MP: 6/6
   387 | D        | Reached ** piety under Okawaru
   388 | D        | Reached skill level 10 in Fighting
   392 | D        | Reached skill level 10 in Shields
   395 | D        | Reached XP level 8. HP: 48/79 MP: 7/7
   529 | D        | Noticed an efreet
   544 | D        | Killed an efreet
   873 | D        | Reached *** piety under Okawaru
   875 | D        | Noticed a komodo dragon
   880 | D        | Reached XP level 9. HP: 89/89 MP: 8/8
   902 | D        | Killed a komodo dragon
  1099 | D        | Noticed a torpor snail
  1099 | D        | Noticed a komodo dragon
  1100 | D        | Noticed a cane toad
  1115 | D        | Reached **** piety under Okawaru
  1120 | D        | Killed a torpor snail
  1121 | D        | Received a gift from Okawaru
  1128 | D        | Reached skill level 15 in Long Blades
  1129 | D        | HP: 3/90 [komodo dragon (24)]
  1130 | D        | Killed a komodo dragon
  1138 | D        | Killed a cane toad
  1138 | D        | Reached ***** piety under Okawaru
  1139 | D        | Reached XP level 10. HP: 16/100 MP: 9/9
  1595 | D        | Noticed an elephant
  1595 | D        | Noticed an elephant
  1595 | D        | Noticed a dire elephant
  1595 | D        | Noticed an elephant
  1595 | D        | Noticed an elephant
  1595 | D        | Noticed an elephant
  1602 | D        | Killed an elephant
  1603 | D        | Reached skill level 1 in Evocations
  1612 | D        | Killed a dire elephant
  1613 | D        | Reached skill level 15 in Armour
  2095 | D        | Killed an elephant
  2102 | D        | Killed an elephant
  2110 | D        | Killed an elephant
  2118 | D        | Killed an elephant
  2118 | D        | Received a gift from Okawaru
  2120 | D        | Noticed an elephant
  2131 | D        | Killed an elephant
  2230 | D        | Noticed an elephant
  2239 | D        | Killed an elephant
  2354 | D        | Noticed Harold
  2366 | D        | Killed Harold
  2367 | D        | Reached skill level 15 in Fighting
  2367 | D        | Reached XP level 11. HP: 112/112 MP: 10/10
  2396 | D        | Noticed Grum
  2400 | D        | Reached skill level 1 in Stealth
  2406 | D        | Killed Grum
  2507 | D        | Received a gift from Okawaru
  2613 | D        | Noticed an orc high priest
  2621 | D        | Noticed a sun demon
  2632 | D        | Noticed an orc sorcerer
  2633 | D        | Noticed a sixfirhy
  2637 | D        | Killed an orc high priest
  2645 | D        | Reached skill level 15 in Shields
  2647 | D        | Killed an orc sorcerer
  2827 | D        | Found Dalyut Syxu's Antique Weapon Emporium.
  2827 | D        | Noticed an ogre mage
  2827 | D        | Noticed a deep troll
  2828 | D        | Noticed an ogre mage
  2831 | D        | Noticed an ogre mage
  2836 | D        | Killed an ogre mage
  2841 | D        | Killed a deep troll
  2841 | D        | Reached ****** piety under Okawaru
  2843 | D        | Found Zudur's Assorted Antiques.
  2852 | D        | Killed an ogre mage
  2852 | D        | Received a gift from Okawaru
  2853 | D        | Found Maepafyoda's General Store.
  2856 | D        | Killed an ogre mage
  3068 | D        | Noticed an ettin
  3069 | D        | Found Dipnaquwk's General Store.
  3070 | D        | Noticed an ogre mage
  3073 | D        | Noticed an ogre mage
  3075 | D        | Killed an ettin
  3077 | D        | Noticed an ogre mage
  3085 | D        | Killed an ogre mage
  3086 | D        | Reached XP level 12. HP: 95/127 MP: 11/11
  3090 | D        | Killed an ogre mage
  3093 | D        | Killed an ogre mage
  3117 | D        | Bought a scroll of magic mapping for 38 gold pieces
  3117 | D        | Bought a potion of heal wounds for 55 gold pieces
  3117 | D        | Bought a scroll of identify for 22 gold pieces
  3119 | D        | Bought a potion of heal wounds for 70 gold pieces
  3123 | D        | Bought a potion of haste for 220 gold pieces
  3123 | D        | Bought a golden potion for 19 gold pieces
  3123 | D        | Bought a potion of heal wounds for 110 gold pieces
  3123 | D        | Bought a scroll labelled MUMMAU FIMOUTEVOG for 22 gold
                  | pieces
  3123 | D        | Bought a potion of curing for 66 gold pieces
  3125 | D        | Bought the +12 Vampire's Tooth {vamp} for 1080 gold pieces
  3125 | D        | Found the +12 Vampire's Tooth {vamp}
  3131 | D        | Bought a scroll of identify for 28 gold pieces
  3131 | D        | Bought a scroll of fear for 49 gold pieces
  3131 | D        | Bought a potion of curing for 42 gold pieces
  3131 | D        | Bought a potion of attraction for 42 gold pieces
  3133 | D        | Bought a potion of curing for 33 gold pieces
  3435 | D        | Noticed a five-headed hydra
  3438 | D        | Killed a three-headed hydra
  3438 | D        | Received a gift from Okawaru
  3453 | D        | Noticed a stone giant
  3460 | D        | Noticed a stone giant
  3461 | D        | Noticed a rakshasa
  3471 | D        | Killed a stone giant
  3474 | D        | Killed a stone giant
  3479 | D        | Killed a rakshasa
  3480 | D        | Noticed a tengu warrior
  3482 | D        | Noticed a fire giant
  3488 | D        | Killed a tengu warrior
  3495 | D        | Killed a fire giant
  3507 | D        | Got a pair of shimmering gloves {god gift}
  3518 | D        | Identified the +1 pair of gloves "Bura" {+Fly rC+} (Okawaru
                  | gifted it to you in the Dungeon)
  3727 | D        | Noticed Aizul
  3747 | D        | Killed Aizul
  3748 | D        | Reached skill level 1 in Throwing
  4091 | D        | Noticed Azrael
  4105 | D        | Killed Azrael
  4114 | D        | Reached XP level 13. HP: 116/139 MP: 12/12
  4209 | D        | Received a gift from Okawaru
  4232 | D        | Reached skill level 5 in Evocations
  4384 | D        | Noticed an eleionoma
  4385 | D        | Noticed Nessos
  4396 | D        | Noticed Joseph
  4412 | D        | Reached skill level 1 in Invocations
  4428 | D        | Killed an eleionoma
  4453 | D        | Killed Joseph
  4456 | D        | Killed Nessos
  4466 | D        | Noticed an eleionoma
  4479 | D        | Killed an eleionoma
  4788 | D        | Noticed a nagaraja
  4802 | D        | Killed a nagaraja
  5187 | D        | Received a gift from Okawaru
  5223 | D        | Got a pitted falchion {god gift}
  5224 | D        | Identified the +8 falchion of Tartarus {vorpal, Fragile rF+
                  | rN++ Str+4} (Okawaru gifted it to you in the Dungeon)
  5574 | D        | Noticed Agnes
  5589 | D        | Killed Agnes
  5836 | D        | Noticed an ettin
  5836 | D        | Noticed a stone giant
  5836 | D        | Noticed a stone giant
  5837 | D        | Noticed a spriggan defender
  5842 | D        | Killed an ettin
  5843 | D        | Reached XP level 14. HP: 152/152 MP: 13/13
  5858 | D        | Killed a stone giant
  5870 | D        | Killed a stone giant
  5883 | D        | Killed a spriggan defender
  5883 | D        | Received a gift from Okawaru
  5998 | D        | Noticed a frost giant
  6011 | D        | Killed a frost giant
  6049 | D        | Received a gift from Okawaru
  6068 | D        | Got an encrusted tower shield {god gift}
  6074 | D        | Identified the +0 tower shield "Tosaog" {+Inv Regen+ Str+3
                  | Dex+3 Slay-6} (Okawaru gifted it to you in the Dungeon)
  6432 | D        | Noticed a vault warden
  6459 | D        | Killed a vault warden
  6464 | D        | Noticed an ironheart preserver
  6475 | D        | Noticed a vault warden
  6492 | D        | Noticed a stone giant
  6507 | D        | Killed an ironheart preserver
  6519 | D        | Noticed a sphinx
  6526 | D        | Killed a vault warden
  6533 | D        | Killed a stone giant
  6554 | D        | Killed a sphinx
  6640 | D        | Noticed Boris
  6671 | D        | Killed Boris
  6672 | D        | Reached XP level 15. HP: 50/166 MP: 12/15
  7005 | D        | Noticed Frederick
  7018 | D        | Killed Frederick
  7018 | D        | Received a gift from Okawaru
  7032 | D        | Noticed Mara
  7038 | D        | Noticed mhtbhm's illusion
  7086 | D        | Noticed mhtbhm's illusion
  7112 | D        | Killed Mara
  7556 | D        | Noticed a tengu reaver
  7557 | D        | Noticed a tengu reaver
  7558 | D        | Noticed Sojobo
  7566 | D        | Killed a tengu reaver
  7577 | D        | Killed a tengu reaver
  7610 | D        | Killed Sojobo
  7766 | D        | Noticed Margery
  7789 | D        | Killed Margery
  7789 | D        | Received a gift from Okawaru
  7790 | D        | Reached skill level 5 in Dodging
  7906 | D        | Noticed Ilsuiw
  7915 | D        | Reached skill level 27 in Shields
  7946 | D        | Killed Ilsuiw
  7946 | D        | Received a gift from Okawaru
  8010 | D        | Reached skill level 27 in Long Blades
  8016 | D        | Got a barnacled rune of Zot
  8091 | D        | Reached XP level 16. HP: 182/182 MP: 0/17
  8110 | D        | Reached skill level 5 in Invocations
  8132 | D        | Reached skill level 27 in Fighting
  8204 | D        | Reached skill level 10 in Invocations
  8207 | D        | Got a gossamer rune of Zot
  8330 | D        | Received a gift from Okawaru
  8397 | D        | Got a decaying rune of Zot
  8536 | D        | Got a serpentine rune of Zot
  8579 | D        | Noticed Jory
  8591 | D        | Killed Jory
  8721 | D        | Reached skill level 15 in Invocations
  8735 | D        | Reached skill level 27 in Armour
  8750 | D        | Received a gift from Okawaru
  8756 | D        | Reached skill level 1 in Maces & Flails
  8756 | D        | Reached skill level 1 in Polearms
  8761 | D        | Reached skill level 1 in Short Blades
  8761 | D        | Reached skill level 1 in Staves
  8761 | D        | Reached skill level 1 in Bows
  8761 | D        | Reached skill level 1 in Crossbows
  8764 | D        | Reached skill level 1 in Slings
  8764 | D        | Reached skill level 1 in Unarmed Combat
  8779 | D        | Reached skill level 1 in Earth Magic
  8782 | D        | Reached skill level 1 in Translocations
  8782 | D        | Reached skill level 1 in Air Magic
  8799 | D        | Reached skill level 1 in Axes
  8799 | D        | Reached skill level 1 in Transmutations
  8804 | D        | Reached skill level 1 in Conjurations
  8804 | D        | Reached skill level 1 in Poison Magic
  8807 | D        | Reached skill level 1 in Summonings
  8807 | D        | Reached skill level 1 in Necromancy
  8807 | D        | Reached skill level 1 in Fire Magic
  8807 | D        | Reached skill level 1 in Ice Magic
  8823 | D        | Reached XP level 17. HP: 191/191 MP: 27/29
  8960 | D        | Identified Erairav's Guide on Shifting Envenoming
  8970 | D        | Noticed an Orb Guardian
  8997 | D        | Killed an Orb Guardian
  9044 | D        | Noticed a titan
  9044 | D        | Noticed a titan
  9050 | D        | Received a gift from Okawaru
  9052 | D        | Noticed a quicksilver dragon
  9052 | D        | Noticed a quicksilver dragon
  9059 | D        | Killed a titan
  9065 | D        | Killed a titan
  9072 | D        | Reached skill level 5 in Stealth
  9094 | D        | Reached skill level 5 in Maces & Flails
  9099 | D        | Killed a quicksilver dragon
  9100 | D        | Reached skill level 5 in Polearms
  9100 | D        | Reached skill level 5 in Staves
  9105 | D        | Killed a quicksilver dragon
  9114 | D        | Got a dazzling hunting sling
  9125 | D        | Got a heavily runed tower shield {god gift}
  9131 | D        | Identified the +4 tower shield of Tender Moments {Harm rF-
                  | Will- Int+10} (Okawaru gifted it to you in the Dungeon)
  9150 | D        | Got a silver rune of Zot
  9261 | D        | Got the ring "Linloe" {Str+6 Stlth+}
  9263 | D        | Got the ring "Restror" {*Contam rPois rC+ Int+3}
  9265 | D        | Got the ring "Uram" {rF++ Will+ Str+4}
  9267 | D        | Got the ring "Zanuc" {rPois Str+3 Int+3 Stlth-}
  9269 | D        | Found the +8 trident of the Octopus King {venom, rElec
                  | rPois Will+}
  9269 | D        | Got the amulet of Nomir {rPois Will+ Regen+ SInv Stlth+}
  9347 | D        | Noticed Frances
  9357 | D        | Killed Frances
  9358 | D        | Reached skill level 5 in Axes
  9386 | D        | Identified the +11 hunting sling "Codghem" {venom, Str+3}
                  | (You found it in the Dungeon)
  9445 | D        | Noticed Mennas
  9461 | D        | Killed Mennas
  9682 | D        | Reached skill level 27 in Invocations
  9682 | D        | Noticed a bone dragon
  9687 | D        | Reached skill level 5 in Short Blades
  9695 | D        | Received a gift from Okawaru
  9701 | D        | Killed a bone dragon
  9709 | D        | Reached XP level 18. HP: 178/200 MP: 34/34
  9867 | D        | Noticed a tentacled monstrosity
  9867 | D        | Noticed a golden dragon
  9870 | D        | Killed a tentacled monstrosity
  9888 | D        | Killed a golden dragon
  9889 | D        | Reached skill level 10 in Dodging
  9905 | D        | Reached skill level 10 in Short Blades
 10028 | D        | Noticed an orb of fire
 10032 | D        | Gained mutation: You tend to lose your temper in combat.
                  | [an orb of fire]
 10083 | D        | Gained mutation: You are weak. (Str -2) [an orb of fire]
 10091 | D        | Killed an orb of fire
 10092 | D        | Reached skill level 10 in Stealth
 10092 | D        | Reached skill level 10 in Evocations
 10191 | D        | Lost mutation: You tend to lose your temper in combat.
                  | [potion of mutation]
 10191 | D        | Lost mutation: You are weak. (Str -2) [potion of mutation]
 10191 | D        | Gained mutation: You can translocate small distances at
                  | will. [potion of mutation]
 10191 | D        | Gained mutation: You have supernaturally acute eyesight.
                  | (SInv) [potion of mutation]
 10219 | D        | Received a gift from Okawaru
 10222 | D        | Noticed a golden dragon
 10252 | D        | Reached skill level 15 in Evocations
 10265 | D        | Killed a golden dragon
 10443 | D        | Noticed a golden dragon
 10447 | D        | Noticed a tentacled monstrosity
 10486 | D        | Killed a golden dragon
 10490 | D        | Killed a tentacled monstrosity
 10593 | D        | Noticed an Orb Guardian
 10593 | D        | Noticed an Orb Guardian
 10593 | D        | Noticed an Orb Guardian
 10593 | D        | Noticed an Orb Guardian
 10593 | D        | Noticed an Orb Guardian
 10593 | D        | Noticed an Orb Guardian
 10598 | D        | Killed an Orb Guardian
 10598 | D        | Noticed an Orb Guardian
 10603 | D        | Killed an Orb Guardian
 10603 | D        | Received a gift from Okawaru
 10610 | D        | Killed an Orb Guardian
 10617 | D        | Killed an Orb Guardian
 10622 | D        | Killed an Orb Guardian
 10623 | D        | Reached XP level 19. HP: 203/207 MP: 35/35
 10724 | D        | Noticed an ancient lich
 10731 | D        | Killed an ancient lich
 10734 | D        | Noticed an orb of fire
 10735 | D        | Gained mutation: Potions are less effective at restoring
                  | your health. [an orb of fire]
 10736 | D        | Gained mutation: You are frail. (-10% HP) [an orb of fire]
 10740 | D        | Gained mutation: Armour fits poorly on your strangely
                  | shaped body. [an orb of fire]
 10742 | D        | Lost mutation: You have supernaturally acute eyesight.
                  | (SInv) [an orb of fire]
 10754 | D        | Killed an orb of fire
 10754 | D        | Received a gift from Okawaru
 10755 | D        | Reached skill level 27 in Evocations
 10762 | D        | Lost mutation: Potions are less effective at restoring your
                  | health. [potion of mutation]
 10762 | D        | Lost mutation: You are frail. (-10% HP) [potion of
                  | mutation]
 10762 | D        | Lost mutation: Armour fits poorly on your strangely shaped
                  | body. [potion of mutation]
 10762 | D        | Gained mutation: You are dopey. (Int -2) [potion of
                  | mutation]
 10762 | D        | Gained mutation: You are somewhat resistant to further
                  | mutation. [potion of mutation]
 10807 | D        | Noticed an electric golem
 10820 | D        | Killed an electric golem
 10886 | D        | Noticed an ancient lich
 10886 | D        | Noticed a golden dragon
 10886 | D        | Noticed a curse toe
 10886 | D        | Noticed an orb of fire
 10886 | D        | Noticed a golden dragon
 10886 | D        | Noticed an ancient lich
 10887 | D        | Noticed an orb of fire
 10894 | D        | Killed an ancient lich
 10895 | D        | Reached skill level 15 in Short Blades
 10895 | D        | Reached skill level 15 in Dodging
 10899 | D        | Killed an orb of fire
 10899 | D        | Received a gift from Okawaru
 10903 | D        | Killed an ancient lich
 10909 | D        | Killed an orb of fire
 10910 | D        | Reached skill level 15 in Stealth
 10910 | D        | Noticed an ancient lich
 10911 | D        | Noticed an ancient lich
 10914 | D        | Killed a golden dragon
 10917 | D        | Killed a curse toe
 10917 | D        | Received a gift from Okawaru
 11036 | D        | Killed a golden dragon
 11037 | D        | Noticed an electric golem
 11042 | D        | Killed an ancient lich
 11043 | D        | Reached XP level 20. HP: 188/216 MP: 36/36
 11058 | D        | Killed an ancient lich
 11081 | D        | Received a gift from Okawaru
 11287 | D        | Noticed an ancient lich
 11299 | D        | Noticed an ancient lich
 11303 | D        | Killed an ancient lich
 11315 | D        | Killed an ancient lich
 11468 | D        | Received a gift from Okawaru
 11499 | D        | Got a masterwork kite shield {god gift}
 11505 | D        | Identified the +0 kite shield of the Raven {Int+2} (Okawaru
                  | gifted it to you in the Dungeon)
 11694 | D        | HP: 2/216 [Hell Sentinel/damnation[a deep elf demonologist]
                  | (37)]
 11732 | D        | Got an elven rune of Zot
 11953 | D        | Noticed the Royal Jelly
 11967 | D        | Reached XP level 21. HP: 111/224 MP: 17/37
 12113 | D        | Paralysed by a floating eye for 2 turns
 12124 | D        | Paralysed by a floating eye for 4 turns
 12128 | D        | HP: 3/224 [acid[the Royal Jelly] (9)]
 12136 | D        | HP: 9/224 [shot self (4)]
 12594 | D        | HP: 10/224 [acid[the Royal Jelly] (3)]
 12594 | D        | Splashed by an acid blob's acid

Illustrated notes

Levels and vault maps discovered:
D:        linesprint [early_d, line_temple, items_1, d_10, items_2, lair_1,
          lair_end, items_3, orc_1, orc_end, items_4, d_15, swamp_1, shoals_1,
          snake_1, spider_1, d_20, vaults_1, items_5, swamp_end, shoals_end,
          snake_end, spider_end, vaults_end, d_27, items_6, zot_1, zot_end,
          crypt_end, forest_end, elf_end, slime_end, tomb_end, abyss_end,
          pan_hell_end]

Skill      XL: |  1  2  3  4  5  6  7  8  9 10 11 12 13 14 15 16 17 18 19 20 |
---------------+-------------------------------------------------------------+-----
Fighting       | 6 7 9 10 11 12 15 17 19 21 24 26 27 | 27.0
Armour         | 6 7 11 13 14 15 16 17 18 20 22 27 | 27.0
Shields        | 5 6 9 10 11 12 14 16 19 22 24 27 | 27.0
Long Blades    | 5 6 10 11 13 15 17 18 20 22 24 27 | 27.0
Dodging        | 1 2 3 5 8 13 19 25 | 25.5
Evocations     | 1 2 4 5 7 21 27 | 27.0
Stealth        | 1 2 3 4 6 11 16 24 | 24.7
Throwing       | 1 2 3 |  3.2
Invocations    | 1 2 3 18 27 | 27.0
Maces & Flails | 2 7 8 |  8.3
Polearms       | 2 6 8 |  8.3
Short Blades   | 2 6 12 19 25 | 25.4
Staves         | 2 6 8 |  8.1
Bows           | 1 |  1.6
Crossbows      | 1 |  1.6
Slings         | 1 |  1.5
Unarmed Combat | 1 |  1.5
Earth Magic    | 1 |  1.2
Translocations | 1 |  1.1
Air Magic      | 1 |  1.1
Axes           | 1 6 8 |  8.1
Transmutations | 1 |  1.1
Conjurations   | 1 |  1.0
Poison Magic   | 1 |  1.0
Summonings     | 1 |  1.0
Necromancy     | 1 |  1.0
Fire Magic     | 1 |  1.0
Ice Magic      | 1 |  1.0
Spellcasting   | |  0.9
Hexes          | |  0.8

Action                   |  1- 3 |  4- 6 |  7- 9 | 10-12 | 13-15 | 16-18 | 19-21 || total
-------------------------+-------+-------+-------+-------+-------+-------+-------++-------
Melee: Long sword        |    24 |     3 |       |       |       |       |       ||    27
       Headbutt          |     4 |     6 |    32 |    79 |   227 |   285 |   167 ||   800
       Scimitar          |       |    12 |    87 |   270 |   209 |       |       ||   578
       Falchion          |       |       |       |       |   549 |   243 |       ||   792
       Double sword      |       |       |       |       |       |   588 |   473 ||  1061
Throw: Dart              |       |       |       |     3 |       |       |       ||     3
Invok: Heroism           |       |       |       |     1 |     4 |     2 |     3 ||    10
       Finesse           |       |       |       |       |       |     1 |     2 ||     3
Evoke: Wand              |       |       |     2 |     8 |       |       |       ||    10
       Tin of tremorston |       |       |       |       |       |     2 |     4 ||     6
  Use: Potion            |     1 |       |     2 |     3 |     4 |     2 |     7 ||    19
       Scroll            |       |       |       |       |     8 |    12 |     3 ||    23
 Stab: Distracted        |       |       |       |       |     2 |       |       ||     2
       Sleeping          |       |       |       |       |       |       |     1 ||     1
Armor: Scale mail        |     4 |       |       |       |       |       |       ||     4
       Plate armour      |       |     2 |    28 |    85 |   116 |       |       ||   231
       Gold dragon scale |       |       |       |       |    64 |   243 |   140 ||   447
Dodge: Dodged            |     4 |     1 |     9 |    37 |    92 |   142 |    84 ||   369
       Repelled          |       |       |       |       |       |       |     1 ||     1
Block: Kite shield       |     9 |     7 |    41 |   126 |   382 |       |       ||   565
       Tower shield      |       |       |       |       |    40 |   678 |   393 ||  1111
       Rpst.: Long sword |     2 |       |       |       |       |       |       ||     2
       Scimitar          |       |       |     4 |     9 |     6 |       |       ||    19
       Falchion          |       |       |       |       |    11 |     5 |       ||    16
       Double sword      |       |       |       |       |       |    10 |    10 ||    20

Table legend: (Time is in decaauts) A = Elapsed time spent in this place. B = Non-inter-level travel time spent in this place. C = Inter-level travel time spent in this place. D = Time resting spent in this place. E = Time spent auto-exploring this place. F = Levels seen in this place. G = Mean time per level. A B C D E F G +--------+--------+--------+--------+--------+-----+--------+ Total | 11791 | 11791 | 0 | 5853 | 1864 | 1 | 11791.0 | Dungeon | 11791 | 11791 | 0 | 5853 | 1864 | 1 | 11791.0 | +--------+--------+--------+--------+--------+-----+--------+

Top non-repeatable levels by time:
       D: 11791 daAuts
